 Dungeon Crawl Stone Soup version 0.30-a0-782-ge64f9170bb (webtiles) character file.

Game seed: 15490097634002558102

134 mopl the Chopper (level 4, -5/39 HPs)
             Began as an Armataur Gladiator on Mar 3, 2023.
             Splashed by a jelly's acid (7 damage)
             ... on level 5 of the Dungeon.
             The game lasted 00:02:51 (1654 turns).

mopl the Chopper (Armataur Gladiator)               Turns: 1654, Time: 00:02:52

Health: -5/39      AC: -6    Str: 19 (21) XL:     4   Next: 95%
Magic:  4/4        EV:  5    Int:  6 (8)  God:
Gold:   38         SH:  0    Dex: 10 (12) Spells: 3/3 levels left

rFire   . . .      SeeInvis .    o - +2 demon whip (freeze)
rCold   . . .      Faith    .    (no shield)
rNeg    . . .      Spirit   .    j - +0 chain mail
rPois   .          Reflect  .    c - +0 helmet
rElec   .          Harm     .    (no cloak)
rCorr   .          Roll     +    t - +0 pair of gloves
Will    .....                    (no barding) Stlth
                                 (no amulet)
HPRegen 0.26/turn                m - +4 ring of protection
MPRegen 0.09/turn                n - ring of wizardry

@: corroded
A: large, rugged brown scales 3, deformed body, armoured tail, roll, long
tongue, awkward tongue
a: no special abilities


You were on level 5 of the Dungeon.
You visited 1 branch of the dungeon, and saw 5 of its levels.

You collected 108 gold pieces.
You spent 70 gold pieces at shops.

Inventory:

Hand Weapons
 a - a +0 war axe
 o - a +2 demon whip of freezing (weapon)
Missiles
 d - 3 throwing nets
 e - 5 javelins
 h - 13 stones (quivered)
Armour
 c - a +0 helmet (worn)
 j - a +0 chain mail (worn)
 t - a +0 pair of gloves (worn)
Jewellery
 m - a +4 ring of protection (left hand)
 n - a ring of wizardry (right hand)
Scrolls
 f - 2 scrolls of immolation {unknown}
 g - 3 scrolls of identify {unknown}
 i - 3 scrolls of teleportation {unknown}
 l - a scroll of acquirement {unknown}
 q - 2 scrolls of blinking {unknown}
 r - 2 scrolls of magic mapping {unknown}
 s - a scroll of silence {unknown}
 u - a scroll of fog {unknown}
 w - a scroll of vulnerability
Potions
 b - 2 potions of curing
 k - a potion of heal wounds
 v - a potion of might {unknown}


   Skills:
 + Level 2.5 Fighting
 * Level 3.3 Axes
 + Level 2.3 Throwing
 + Level 2.0 Armour
 + Level 2.6 Dodging


You had 3 spell levels left.
You didn't know any spells.
Your spell library contained the following spells:

 Spells                   Type           Power      Damage    Failure   Level
 Magic Dart               Conj           0%         1d3       91%         1
 Searing Ray              Conj           0%         2d4       97%         2
 Fulminant Prism          Conj/Hex       0%         3d5       100%        4


Dungeon Overview and Level Annotations

Branches:
Dungeon (6/15)
 Temple: D:4-7

Altars:

Shops:
D:6 *


Innate Abilities, Weirdness & Mutations

You are completely covered in rugged brown scales. (AC +3, +7% HP)
Armour fits poorly on your strangely shaped body.
You have a long armoured tail.
You roll when moving toward enemies. (Rampage)
Your long tongue fully drains potion bottles. (2x potion effects)
Your tongue gives you trouble enunciating. (1.5x scroll delay)


Message History

The black bear claws you but does no damage.
The black bear attacks as you move away!
The black bear bites you.
The black bear claws you but does no damage.
The black bear claws you. The jelly attacks as you move away!
The jelly hits you but does no damage.
Found an ivory wand.
The jelly attacks as you move away! The jelly hits you but does no damage.
You hit the jelly but do no damage. The acid corrodes you!
Your hands burn!
The jelly barely misses you.
You hit the jelly. You freeze the jelly. The acid corrodes you!
Your hands burn!
The jelly is moderately wounded.
The jelly barely misses you.
You hit the jelly but do no damage. The acid corrodes you!
Your hands burn!
You tail-slap the jelly.
The jelly is heavily wounded.
The jelly hits you. The acid corrodes you!
You are splashed with acid!
* * * LOW HITPOINT WARNING * * *
You slurp down every last drop of the 2 potions of heal wounds!
You feel much better. The jelly hits you. The acid corrodes you!
You are splashed with acid!
You hit the jelly but do no damage.
Your hands burn!
You tail-slap the jelly, but do no damage.
The jelly is moderately wounded.
The jelly hits you. The acid corrodes you!
You are splashed with acid!
You hit the jelly. You freeze the jelly.
Your hands burn!
The jelly is severely wounded.
The jelly hits you. The acid corrodes you!
You are splashed with acid!
* * * LOW HITPOINT WARNING * * *
You aren't carrying any items that you can evoke.
Unknown command.
You slurp down every last drop of the bubbling white potion!
It was a potion of degeneration.
There was something very wrong with that liquid.
You feel weakened.
You feel dopey.
You feel clumsy. The jelly hits you.
* * * LOW HITPOINT WARNING * * *
You are splashed with acid!
You die...

..
##..###..###
#.# ##..##
####
#..###...#
#..##..##
#..#..##
#....#
#.>.##
#...###
#..#hJ@#
#..####..#
#..# #....#
#..#
......./
#..#
.......#
#.##
......###
#.# .#
#.......##
....
#.......##
....#
###......


You could see a black bear and a jelly.

Vanquished Creatures
  A hound (D:6)
  Terence (D:2)
  3 adders
  A worm (D:2)
  7 ball pythons
  3 endoplasms
  4 giant cockroaches
  5 hobgoblins
  2 jackals (D:1)
  4 quokkas (D:1)
  5 bats (D:1)
  2 frilled lizards
  4 goblins
  3 kobolds
  2 rats
47 creatures vanquished.

Notes
Turn   | Place    | Note
-------+----------+-------------------------------------------
     0 | D:1      | mopl the Armataur Gladiator began the quest for the Orb.
     0 | D:1      | Reached XP level 1. HP: 18/18 MP: 1/1
   158 | D:1      | Reached XP level 2. HP: 25/25 MP: 2/2
   172 | D:1      | Reached skill level 2 in Fighting
   319 | D:1      | Reached skill level 2 in Throwing
   404 | D:1      | Reached XP level 3. HP: 31/31 MP: 3/3
   676 | D:2      | Noticed Terence
   681 | D:2      | Reached skill level 1 in Armour
   699 | D:2      | Killed Terence
   700 | D:2      | Reached skill level 3 in Axes
   872 | D:2      | Reached XP level 4. HP: 39/39 MP: 4/4
  1517 | D:3      | You fall into a shaft and drop 3 floors!
  1519 | D:6      | Found Loyrityed's General Store.
  1529 | D:6      | Reached skill level 2 in Armour
  1530 | D:6      | Bought a scroll of noise for 14 gold pieces
  1530 | D:6      | Bought a scroll of vulnerability for 56 gold pieces
  1557 | D:5      | Entered Level 5 of the Dungeon
  1640 | D:5      | Noticed a black bear
  1642 | D:5      | Noticed a scorpion
  1654 | D:5      | Splashed by a jelly's acid

Illustrated notes

Levels and vault maps discovered:
D:1:      dpeg_arrival_chambers_temple_mockup, layout_basic
D:2:      layout_basic, kennysheep_generic_room_15, uniq_terence
D:3:      layout_basic, serial_shops, shop, uniq_crazy_yiuf_cottage
D:5:      layout_cave_pods, lightli_ossuary_entry_decrepit_ruins
D:6:      layout_loops_corners, mainiacjoe_overflow_tiny_flanked,
          mainiacjoe_overflow_catwalk, temple_fountains, serial_shops,
          shop_statue, grunt_ministairs_7, moated_statue,
          minmay_misc_feat_doors, uniq_eustachio

Skill      XL: |  1  2  3  4 |
---------------+-------------+-----
Fighting       | 2 |  2.5
Throwing       | 2 |  2.3
Armour         | 1 2 |  2.0
Axes           | 3 |  3.3
Dodging        | |  2.6

Action                     |  1- 3 |  4- 6 || total
---------------------------+-------+-------++-------
  Melee: War axe           |    94 |       ||    94
         Punch             |     1 |       ||     1
         Tailslap          |    10 |     5 ||    15
         Demon whip        |       |    34 ||    34
    Use: Potion            |     1 |     2 ||     3
   Stab: Sleeping          |     1 |       ||     1
 Armour: Leather armour    |    50 |       ||    50
         Chain mail        |     8 |    23 ||    31
  Dodge: Dodged            |    52 |    12 ||    64

Table legend: (Time is in decaauts)
 A = Elapsed time spent in this place.
 B = Non-inter-level travel time spent in this place.
 C = Inter-level travel time spent in this place.
 D = Time resting spent in this place.
 E = Time spent auto-exploring this place.
 F = Levels seen in this place.
 G = Mean time per level.
                   A        B        C        D        E       F      G
               +--------+--------+--------+--------+--------+-----+--------+
         Total |   1686 |   1604 |     82 |      0 |   1137 |   5 |  337.2 |
       Dungeon |   1686 |   1604 |     82 |      0 |   1137 |   5 |  337.2 |
               +--------+--------+--------+--------+--------+-----+--------+

Top non-repeatable levels by time:
     D:2: 744 daAuts
     D:1: 641 daAuts
     D:3: 163 daAuts
     D:5: 84 daAuts
     D:6: 52 daAuts
